 Dungeon Crawl Stone Soup version 0.24.0-37-gcf1ca852f1 (webtiles) character file.

Game seed: 2302379609065456974, levelgen mode: deterministic

42732 Hoofmire the Severer (level 13, -26/178 HPs)
             Began as a Minotaur Berserker on Nov 22, 2019.
             Was a High Priest of Trog.
             Killed from afar by a deep elf knight (56 damage)
             ... with a stone arrow
             ... on level 1 of the Elven Halls on Nov 23, 2019.
             The game lasted 04:11:01 (17899 turns).

Hoofmire the Severer (Minotaur Berserker)          Turns: 17899, Time: 04:11:02

Health: -26/178    AC: 21    Str: 29    XL:     13   Next: 87%
Magic:  12/12      EV: 11    Int:  4    God:    Trog [*****.]
Gold:   361        SH:  0    Dex: 17    Spells: 12/12 levels left

rFire    . . .     SeeInvis .   a - +8 battleaxe (venom)
rCold    . . .     Gourm    .   (shield currently unavailable)
rNeg     + . .     Faith    .   n - +3 plate armour {rPois}
rPois    +         Spirit   .   (helmet restricted)
rElec    .         Reflect  .   (no cloak)
rCorr    .         Harm     .   o - +1 pair of gloves
MR       .....                  (no boots)
Stlth    ..........             (no amulet)
HPRegen  0.39/turn              r - +4 ring of dexterity
MPRegen  0.13/turn              K - ring of positive energy

@: berserking (expiring), lethally poisoned (-26 -> -29), very quick
A: retaliatory headbutt, horns 2
a: Berserk, Trog's Hand, Brothers in Arms, Renounce Religion


You were on level 1 of the Elven Halls.
You worshipped Trog.
Trog was extremely pleased with you.
You were very hungry.

You visited 3 branches of the dungeon, and saw 16 of its levels.
You also visited: Ossuary.

You collected 1291 gold pieces.
You spent 930 gold pieces at shops.

Inventory:

Hand Weapons
 a - a +8 battleaxe of venom (weapon)
 c - a +0 hand crossbow of flaming
 g - a +3 antimagic broad axe
 j - a +0 dire flail of protection
 k - a +3 dire flail of holy wrath
 p - a +3 flail of draining
 u - a +1 halberd of freezing
 x - the +2 falchion of Diet Blood {vamp, rElec}
   (You found it on level 11 of the Dungeon)

   It inflicts no extra harm, but heals its wielder when it wounds a living foe.
   It insulates you from electricity.
 F - a +2 war axe of chopping
 G - a +3 war axe of electrocution
 H - a +2 vampiric hand axe
 J - a +2 quarterstaff of chaos
 L - a +2 whip of freezing
 W - the +5 mace of a wizard's laboratory {protect, +Blink rElec MR+}
   (You found it on level 7 of the Dungeon)

   It grants its wielder temporary protection when it strikes (+7 to AC).
   It insulates you from electricity.
   It affects your resistance to hostile enchantments.
   It lets you blink.
Missiles
 f - 83 bolts
 t - 3 silver boomerangs
 y - 3 curare-tipped darts
 E - 6 atropa-tipped darts
 P - a throwing net (quivered)
 R - a javelin
 Z - 21 poisoned darts
Armour
 b - the +0 buckler "Ekattyl" {+Blink Str+4 Dex-3 SInv}
   (You acquired it on level 12 of the Dungeon)

   It affects your strength (+4).
   It affects your dexterity (-3).
   It lets you see invisible.
   It lets you blink.
 n - a +3 plate armour of poison resistance (worn)
 o - a +1 pair of gloves (worn)
 I - +0 steam dragon scales
 Y - a +1 chain mail of cold resistance
Jewellery
 l - an uncursed ring of flight
 r - a +4 ring of dexterity (left hand)
 K - a ring of positive energy (right hand)
 S - a +2 ring of evasion
 U - an uncursed ring of fire
 V - a +2 ring of strength
Wands
 e - a wand of iceblast (5)
 q - a wand of scattershot (4)
 s - a wand of disintegration (12)
 D - a wand of digging (7)
 M - a wand of flame (25)
Scrolls
 d - 7 scrolls of remove curse
 m - 2 scrolls of fog
 w - 4 scrolls of teleportation
 Q - 3 scrolls of identify
Potions
 i - 7 potions of curing
 z - a potion of lignification
 A - 3 potions of brilliance
 B - 2 potions of berserk rage
 C - a potion of agility
 O - a potion of heal wounds
 T - a potion of haste
 X - 3 potions of might
Comestibles
 v - 5 rations


   Skills:
 * Level 12.8 Fighting
   Level 2.0 Short Blades
 * Level 16.9(17.1) Axes
 + Level 3.6(12.0) Maces & Flails
 + Level 2.7(11.8) Polearms
 + Level 2.5(4.0) Staves
 + Level 6.0 Crossbows
 + Level 6.5 Throwing
 * Level 13.1 Armour
 + Level 4.7 Dodging
 + Level 2.4 Shields


You had 12 spell levels left.
You didn't know any spells.
Your spell library contained the following spells:

 Spells                   Type           Power        Failure   Level  Hunger
 Animate Skeleton         Necr           N/A          98%         1    ##.....
 Freeze                   Ice            #...         98%         1    ##.....
 Pain                     Necr           #...         98%         1    ##.....
 Throw Frost              Conj/Ice       #.....       99%         2    ###....
 Ozocubu's Armour         Chrm/Ice       #.......     100%        3    ####...
 Regeneration             Chrm/Necr      #.........   100%        3    ####...
 Vampiric Draining        Necr           #.........   100%        3    ####...
 Animate Dead             Necr           N/A          100%        4    #####..
 Summon Ice Beast         Ice/Summ       #.......     100%        4    #####..
 Throw Icicle             Conj/Ice       #.......     100%        4    #####..


Dungeon Overview and Level Annotations

Branches:
Dungeon (13/15)            Temple (0/1) D:7            Lair (0/6) D:11
    Orc (2/2) D:11            Elf (1/3) Orc:2       Ossuary (visited)
 Vaults: D:13-14

Altars:
Cheibriados
Fedhas
Gozag
Hepliaklqana
Makhleb
Qazlal
Trog
Uskayaw
Wu Jian
Xom
Yredelemnul
Zin
The Shining One
Beogh

Shops:
D:7 *   D:9 *   Orc:2 *[:(   Elf:1 *

Annotations:
D:8 Erica


Innate Abilities, Weirdness & Mutations

You reflexively headbutt those who attack you in melee.
You have a pair of horns on your head.


Message History

The deep elf mage seems less brilliant. x2
The deep elf archer seems less brilliant.
The orc sorcerer seems less brilliant.
The deep elf knight misses you.
The deep elf archer is empowered by the deep elf high priest's aura!
The deep elf knight is empowered by the deep elf high priest's aura!
The deep elf mage is empowered by the deep elf high priest's aura! x2
The deep elf archer is empowered by the deep elf high priest's aura!
The orc sorcerer is empowered by the deep elf high priest's aura!
The orc sorcerer gestures wildly while chanting.
The orc hits you but does no damage.
The red devil hits you but does no damage.
You hit the orc.
You kill the orc!
Trog accepts your kill.
You slice the deep elf knight!!
The deep elf knight is poisoned.
You feel sick.
The deep elf knight hits you with a +0 scimitar!
* * * LOW HITPOINT WARNING * * *
The deep elf knight points at you and mumbles some strange words.
The stone arrow hits you!!!
You die...

##.............o.# #......#
##...............# #......#
.+..........3.oo.# #......#
##..........eeo.## #......#
##....#....e.*## ##.....#
#++###++###oe# ##...#'## #..#
#..# #.e# ###....#.#
###..###..# #4e####......#.#
..........###)o.@........#.###
.....###......#..≈≈≈≈≈..#'...#
###### ########≈≈≈≈≈≈≈≈≈#'...#
#≈≈≈≈≈≈≈≈≈###### #≈≈≈≈≈≈≈≈≈#
#..≈)≈≈≈..# #..)......#
#....<....# ##.......##


You could see a deep elf knight, a red devil and an orc warrior.

Vanquished Creatures
  An orc warlord (Orc:2)
  Harold (D:7)
  3 death yaks (D:11)
  3 two-headed ogres
  5 dancing weapons (Elf:1)
  4 orc high priests (Orc:2)
  4 deep elf knights (Elf:1)
  Pikel (D:8)
  An orc knight (Orc:2)
  A deep elf archer (Elf:1)
  An ugly thing (D:11)
  3 orc sorcerers
  6 deep elf magi (Elf:1)
  Joseph (D:9)
  Maurice (D:8)
  A komodo dragon (shapeshifter) (Elf:1)
  2 trolls (Orc:2)
  Sigmund (D:5)
  4 wraiths
  A vampire (D:10)
  17 yaks
  A basilisk (D:13)
  A fire elemental (Elf:1)
  2 steam dragons
  A hungry ghost (D:10)
  A warg (Orc:1)
  Edmund (D:5)
  A water moccasin (D:10)
  Duvessa (D:7)
  3 ice beasts
  4 slaves (D:8)
  An eye of draining (D:6)
  2 phantoms
  A black bear (D:8)
  3 sky beasts
  A necrophage (D:8)
  8 ogres
  26 orc warriors
  4 centaurs
  2 big kobolds
  9 bullfrogs
  An elf skeleton (D:7)
  3 scorpions
  2 wyvern skeletons
  Dowan (D:7)
  4 killer bees (D:7)
  8 wights
  6 crimson imps
  A jelly (D:10)
  A bullfrog zombie (D:13)
  13 orc priests
  3 human zombies (D:7)
  Crazy Yiuf (D:7)
  A gnoll shaman (D:5)
  8 hounds
  An iron imp (D:2)
  22 orc wizards
  A bullfrog skeleton (D:4)
  2 centaur skeletons
  Jessica (D:3)
  2 human skeletons (D:7)
  3 iguanas
  8 worker ants
  An ogre zombie (D:7)
  2 hound skeletons
  2 mummies
  2 worker ant zombies (D:7)
  7 gnolls
  8 adders
  A shadow imp (D:5)
  An ooze (D:2)
  4 worms
  2 dart slugs
  6 leopard geckos
  81 orcs
  4 bats
  9 giant cockroaches
  13 goblins
  9 hobgoblins
  13 jackals
  5 quokkas
  5 ball pythons
  7 frilled lizards
  7 gnoll skeletons (Ossuary)
  3 hobgoblin zombies (D:4)
  20 kobolds
  9 kobold skeletons
  A leopard gecko zombie (D:8)
  12 orc skeletons
  2 orc zombies
  A quokka skeleton (D:9)
  4 rats
  A fungus (D:6)
470 creatures vanquished.

Vanquished Creatures (collateral kills)
  An orc warlord (Orc:2)
  5 orc warriors (Orc:2)
  An orc wizard (Orc:2)
  An orc priest (Orc:2)
  2 orcs (Orc:2)
10 creatures vanquished.

Vanquished Creatures (others)
  An orc (Elf:1)
  A jackal (D:6)
  11 fungi (Orc:2)
13 creatures vanquished.

Grand Total: 493 creatures vanquished

Notes
Turn   | Place    | Note
-------+----------+-------------------------------------------
     0 | D:1      | Hoofmire the Minotaur Berserker began the quest for the
                  | Orb.
     0 | D:1      | Reached XP level 1. HP: 19/19 MP: 0/0
   311 | D:1      | Reached XP level 2. HP: 27/27 MP: 1/1
   621 | D:1      | Reached skill level 4 in Axes
  1115 | D:2      | Reached ** piety under Trog
  1142 | D:2      | Reached XP level 3. HP: 27/33 MP: 2/2
  1499 | D:2      | Found a burning altar of Makhleb.
  1509 | D:2      | Reached XP level 4. HP: 41/41 MP: 3/3
  1571 | D:2      | Noticed a phantom
  1599 | D:2      | Killed a phantom
  1599 | D:2      | Reached skill level 5 in Fighting
  1599 | D:2      | Reached skill level 5 in Axes
  1599 | D:2      | Reached XP level 5. HP: 21/48 MP: 4/4
  2548 | D:3      | Found an opulent altar of Gozag.
  2696 | D:3      | Reached *** piety under Trog
  2708 | D:3      | Received a gift from Trog
  2746 | D:3      | Noticed Jessica
  2750 | D:3      | Killed Jessica
  2750 | D:3      | Reached XP level 6. HP: 50/56 MP: 5/5
  2860 | D:3      | Found a blossoming altar of Fedhas.
  3129 | D:3      | Found a shimmering altar of Xom.
  3504 | D:4      | Reached skill level 6 in Axes
  3560 | D:4      | Reached skill level 5 in Armour
  3588 | D:5      | Entered Level 5 of the Dungeon
  3881 | D:4      | Found a sand-covered staircase.
  3886 | Ossuary  | Entered an ossuary
  3886 | Ossuary  | Noticed a wraith
  3886 | Ossuary  | Noticed a wraith
  3886 | Ossuary  | Noticed a wraith
  4054 | Ossuary  | Reached **** piety under Trog
  4171 | Ossuary  | Noticed a wraith
  4229 | D:4      | Killed a wraith
  4229 | D:4      | Reached skill level 7 in Axes
  4229 | D:4      | Reached skill level 1 in Throwing
  4229 | D:4      | Reached XP level 7. HP: 21/61 MP: 6/6
  4706 | D:4      | Found a glowing golden altar of the Shining One.
  4740 | D:4      | Reached skill level 8 in Axes
  5369 | D:5      | Reached XP level 8. HP: 69/70 MP: 7/7
  5370 | D:5      | Found a hide-covered altar of Uskayaw.
  5371 | D:5      | Noticed a +0 dagger
  5375 | D:5      | Noticed a +0 hand axe
  5699 | D:5      | Found an ornate altar of the Wu Jian Council.
  5719 | D:5      | Found a snail-covered altar of Cheibriados.
  5796 | D:5      | Found a glowing silver altar of Zin.
  6069 | D:5      | Reached skill level 9 in Axes
  6096 | D:5      | Noticed Edmund
  6105 | D:5      | Killed Edmund
  6134 | D:5      | Found a hazy altar of Hepliaklqana.
  6150 | D:5      | Noticed Sigmund
  6162 | D:5      | Killed Sigmund
  6162 | D:5      | Reached ***** piety under Trog
  6557 | D:6      | Found a stormy altar of Qazlal.
  6588 | D:6      | Found a blossoming altar of Fedhas.
  6597 | D:6      | Reached skill level 10 in Axes
  6749 | D:6      | Reached XP level 9. HP: 79/79 MP: 8/8
  7454 | D:6      | Received a gift from Trog
  8406 | D:7      | Found a basalt altar of Yredelemnul.
  8478 | D:7      | Reached skill level 11 in Axes
  8837 | D:7      | Found Jacemeny's Assorted Antiques.
  8840 | D:7      | Bought a potion of heal wounds for 120 gold pieces
  8840 | D:7      | Bought a runed spear for 144 gold pieces
  8840 | D:7      | Bought a ruby ring for 120 gold pieces
  8893 | D:7      | Reached XP level 10. HP: 71/90 MP: 9/9
  9235 | D:7      | Found a staircase to the Ecumenical Temple.
  9384 | D:7      | Found a runed translucent door.
  9385 | D:7      | Noticed Crazy Yiuf
  9390 | D:7      | Killed Crazy Yiuf
  9399 | D:7      | Got a shimmering mace
  9400 | D:7      | Identified the +5 mace of a wizard's laboratory {protect,
                  | +Blink rElec MR+} (You found it on level 7 of the Dungeon)
  9442 | D:7      | Noticed Dowan
  9453 | D:7      | Killed Dowan
  9466 | D:7      | Noticed Harold
  9473 | D:7      | Killed Harold
  9473 | D:7      | Reached skill level 12 in Axes
  9473 | D:7      | Reached skill level 1 in Polearms
  9485 | D:7      | Noticed Duvessa
  9490 | D:7      | Killed Duvessa
  9650 | D:8      | Noticed Pikel
  9659 | D:8      | Killed Pikel
  9793 | D:8      | Noticed Maurice
  9799 | D:8      | Killed Maurice
  9875 | D:8      | Noticed Erica
  9885 | D:8      | Received a gift from Trog
  9938 | D:8      | Noticed a two-headed ogre
  9970 | D:8      | Killed a two-headed ogre
  9970 | D:8      | Reached skill level 13 in Axes
  9970 | D:8      | Reached skill level 5 in Throwing
 10784 | D:9      | Reached XP level 11. HP: 67/98 MP: 10/10
 10784 | D:9      | Reached skill level 10 in Armour
 10790 | D:9      | Reached skill level 10 in Fighting
 11090 | D:9      | Noticed Joseph
 11102 | D:9      | Killed Joseph
 11366 | D:9      | Found Muarruop's Assorted Antiques.
 11386 | D:9      | Bought a curved bronze wand for 76 gold pieces
 12025 | D:10     | Entered Level 10 of the Dungeon
 12299 | D:10     | Received a gift from Trog
 12314 | D:10     | Reached skill level 14 in Axes
 12830 | D:10     | Reached XP level 12. HP: 109/109 MP: 11/11
 13197 | D:11     | You fall into a shaft and drop 2 floors!
 13279 | D:13     | Noticed a seven-headed hydra
 13309 | D:12     | Identified a scroll of acquirement
 13313 | D:12     | Got a scorched buckler
 13320 | D:12     | Identified the +0 buckler "Ekattyl" {+Blink Str+4 Dex-3
                  | SInv} (You acquired it on level 12 of the Dungeon)
 13379 | D:11     | Noticed a death yak
 13420 | D:11     | Killed a death yak
 13420 | D:11     | Reached skill level 15 in Axes
 13480 | D:11     | Noticed a death yak
 13499 | D:11     | Killed a death yak
 13640 | D:11     | Found a staircase to the Lair.
 13656 | D:11     | Noticed a death yak
 13666 | D:11     | Killed a death yak
 13803 | D:11     | Got a brightly glowing falchion
 13804 | D:11     | Identified the +2 falchion of Diet Blood {vamp, rElec} (You
                  | found it on level 11 of the Dungeon)
 14178 | D:11     | Found a staircase to the Orcish Mines.
 14387 | Orc:1    | Entered Level 1 of the Orcish Mines
 14387 | Orc:1    | Found a bloodstained altar of Trog.
 14387 | Orc:1    | Found a bloodstained altar of Trog.
 14455 | Orc:2    | Entered Level 2 of the Orcish Mines
 14455 | Orc:2    | Found Kecytosk's Antique Weapon Shop.
 14457 | Orc:2    | Noticed an orc high priest
 14465 | Orc:2    | Killed an orc high priest
 14489 | Orc:2    | Received a gift from Trog
 14526 | Orc:2    | Found a staircase to the Elven Halls.
 14550 | Orc:2    | Bought a runed war axe for 182 gold pieces
 14550 | Orc:2    | Bought a runed hand axe for 168 gold pieces
 14597 | Orc:2    | Found a burning altar of Makhleb.
 14622 | Orc:2    | Noticed a two-headed ogre
 14631 | Orc:2    | Killed a two-headed ogre
 14631 | Orc:2    | Reached XP level 13. HP: 116/116 MP: 12/12
 14694 | Orc:2    | Reached skill level 5 in Crossbows
 14739 | Orc:2    | Found Iwkao's Book Shop.
 15283 | Orc:2    | Found a roughly hewn altar of Beogh.
 15385 | Orc:2    | Found Hivucuecs's Antique Armour Shoppe.
 15437 | Orc:2    | Noticed an orc warlord
 15439 | Orc:2    | Reached skill level 16 in Axes
 15460 | Orc:2    | Killed an orc warlord
 15462 | Orc:2    | Noticed an orc warlord
 15471 | Orc:2    | Killed an orc warlord
 15714 | Orc:2    | Found Niyg's General Store.
 16037 | Elf:1    | Entered Level 1 of the Elven Halls
 17667 | Elf:1    | Found Hital's General Store.
 17674 | Elf:1    | Bought 15 poisoned darts for 90 gold pieces
 17674 | Elf:1    | Bought a scroll of identify for 30 gold pieces
 17899 | Elf:1    | Killed from afar by a deep elf knight

Levels and vault maps discovered:
D:1:      dpeg_arrival_shelter, layout_basic
D:2:      layout_rooms, makhleb_grotto_becter, first_ration,
          grunt_ministairs_14, minmay_misc_feat_pillars
D:3:      layout_loops_ring, lemuel_coloured_pillars_altar,
          nicolae_gozag_cash_rules_everything_around_me, marbit_many_paths,
          uniq_jessica
D:4:      cheibrodos_greedy_goblins, layout_basic, nicolae_tso_besieged_by_evil,
          nicolae_ossuary_entry_plus
D:5:      layout_rooms, dancing_weapons_uskayaw, kennysheep_mini,
          lemuel_doored_altar, kennysheep_little_box, overflow_temple_1_default,
          uniq_edmund, uniq_sigmund
D:6:      layout_basic, grunt_qazlal_clouds, fedhas_altar_3
D:7:      layout_basic, lemuel_mausoleum_altar_yredelemnul,
          minmay_temple_entry_hall, serial_shops, nicolae_shop_behind_doors,
          uniq_harold, uniq_duvessa, uniq_crazy_yiuf_cottage
D:8:      layout_basic, uniq_maurice, uniq_erica, uniq_pikel
D:9:      layout_gridville, serial_shops, nicolae_shop_overgrown_old_shop,
          uniq_joseph
D:10:     layout_loops_ring
D:11:     layout_cross, dpeg_lair_monsters, hiddenorc1_lemuel
D:12:     layout_roguey, grunt_livestock, hangedman_abyss_or_decor_lesser_grid
D:13:     layout_stronghold, minmay_misc_feat_room, minmay_strange_pillars,
          uniq_erolcha
Orc:1:    layout_diamond_mine, basic_altar, serial_shops, shop, bloody_trog
Orc:2:    grunt_orc_gardens, layout_caves, grunt_orc_garden, grunt_orc_garden,
          grunt_orc_garden, grunt_orc_garden, basic_altar, mines1_david
Elf:1:    eino_elf_arrival_sip, layout_gridlike, serial_shops, shop, orc_legates

Skill      XL: |  1  2  3  4  5  6  7  8  9 10 11 12 13 |
---------------+----------------------------------------+-----
Fighting       | 4 5 6 7 8 9 11 12 | 12.8
Axes           | 4 5 7 8 10 11 13 14 15 16 | 16.9
Armour         | 3 4 5 7 9 11 13 | 13.1
Throwing       | 1 3 4 5 6 |  6.5
Dodging        | 3 4 |  4.7
Polearms       | 1 2 |  2.7
Short Blades   | 2 |  2.0
Maces & Flails | 2 3 |  3.6
Staves         | 2 |  2.5
Crossbows      | 2 4 6 |  6.0
Shields        | 2 |  2.4

Action                   |  1- 3 |  4- 6 |  7- 9 | 10-12 | 13-15 || total
-------------------------+-------+-------+-------+-------+-------++-------
Melee: Hand axe          |    80 |   152 |   206 |       |       ||   438
       Headbutt          |    11 |    35 |    68 |    51 |    50 ||   215
       Battleaxe         |       |       |    80 |   264 |   119 ||   463
       Spear             |       |       |     4 |       |       ||     4
       Dagger            |       |       |       |     4 |       ||     4
       Mace              |       |       |       |       |    48 ||    48
       Broad axe         |       |       |       |       |     9 ||     9
       Whip              |       |       |       |       |     7 ||     7
       Halberd           |       |       |       |       |     5 ||     5
 Fire: Hand crossbow     |       |       |       |    90 |    45 ||   135
Throw: Dart              |       |    33 |    26 |    52 |       ||   111
       Boomerang         |       |     2 |       |       |       ||     2
       Stone             |       |    37 |    16 |     8 |       ||    61
       Javelin           |       |       |    67 |    27 |       ||    94
       Throwing net      |       |       |       |     4 |     1 ||     5
Invok: Berserk           |       |     2 |       |       |     2 ||     4
       Trog's Hand       |       |     1 |       |       |       ||     1
       Brothers in Arms  |       |       |       |       |     2 ||     2
 Abil: Evoke Blink       |       |       |       |     1 |       ||     1
Evoke: Wand              |       |       |       |     1 |     5 ||     6
  Use: Scroll            |     1 |    10 |     7 |     9 |       ||    27
       Potion            |       |     1 |     5 |     4 |     5 ||    15
 Stab: Confused          |       |       |       |       |     1 ||     1
  Eat: Chunk             |     2 |     1 |     4 |    10 |     7 ||    24
       Ration            |       |     3 |     3 |     4 |     1 ||    11
Armor: Animal skin       |     3 |       |       |       |       ||     3
       Leather armour    |     8 |       |       |       |       ||     8
       Ring mail         |     3 |    18 |       |       |       ||    21
       Chain mail        |       |    20 |   115 |    47 |       ||   182
       Plate armour      |       |       |       |    79 |    95 ||   174
Dodge: Dodged            |    42 |    67 |    97 |   157 |    52 ||   415
Block: Buckler           |       |       |       |       |     6 ||     6
